Bacon, chaotic male vampiric Rogue -------------------------------- ------------ o |......%.......................| ...........| |...-----.-- .....-----------.| |..........| o|...|+++|..|------.|..|(((|..|.|####|..........| |...|?++|..|.....|.|..|(((|..-.-### |..........| o|...|...||-|.._(.|.-|-|...|---.| # |.......<..| |...---(-..|.....|....---|-....| ##...........| |........*.|.....|.............| ------------ o|........{.-----|-.{...........| |..............................| |...---|-...........--|-|---...| ....|...|-------.---|.%|[..|...| |...|...|.f|(%.-.-..|..|%)!|...| |...|...|k.|%%.|.|..|--|??)|...| ....-----k------.---- -----...| |.......@aa..a................@| -------------------------------- Bacon the Rogue Experience level: 8 Strength: 15 Dexterity: 20 Constitution: 13 Intelligence: 7 Wisdom: 9 Charisma: 11 Health: 0(50) Energy: 54(54) AC: 5 Gold: 137 Moves: 3206 Your Inventory: Coins $ - 137 gold pieces Weapons i - an [uncursed +1] orcish dagger k - an uncursed [+0] scimitar [of fire] l - 6 uncursed [+0 thirsty] darts m - 2 blessed poisoned [+1] darts r - an uncursed [+0] orcish dagger z - 27 uncursed [+0] darts D - the uncursed +0 Sting (weapon in hand) E - 3 uncursed +2 daggers F - an uncursed +0 dagger of warning N - an uncursed [+0] elven dagger V - 6 uncursed [+0] daggers W - 5 blessed [+1] darts Z - a blessed [+0] dagger Armor c - an uncursed +2 leather armor (being worn) p - a blessed +0 pair of walking shoes [low] (being worn) I - an [uncursed +0] iron skull cap [orcish helm] J - an [uncursed +0] iron skull cap [orcish helm] K - a [cursed -3] iron skull cap [orcish helm] Scrolls C - an [uncursed] scroll of identify Potions G - an [uncursed] potion of extra healing Wands t - an uncursed wand of magic missile [0:2] u - an uncursed grooved wand [of undead turning (0:7)] v - an [uncursed] steel wand [of speed monster (0:4)] Tools e - an uncursed lock pick f - an uncursed sack H - an [uncursed] blindfold U - an [uncursed] looking glass [mirror] Spells known in the end: Name Level Category Fail Memory Your skills at the end: Fighting Skills Weapon Skills dagger [Basic / Expert] short sword [Basic / Expert] Spellcasting Skills Final Attributes: You were piously aligned. Hunger level was 84. Your alignment was 25 / 26. Monster difficulty range was 1 - 7. Level difficulty was 6. You were immune to level-drain. You were aware of the presence of orcs. You were stealthy. You could fly. You could survive without air. You regenerated. Your luck was zero. You are dead. Vanquished creatures: a soldier ant an Uruk-hai a pony a fog cloud a yellow light 7 gnome lords 4 gnomish wizards 3 little dogs a kitten 9 dwarves 13 hill orcs a giant bat a wererat a werejackal 2 iguanas 2 acid blobs a gas spore 2 hobbits 2 giant rats a red mold 46 gnomes 3 geckos 2 jackals a fox 2 kobolds a goblin 2 sewer rats 4 grid bugs a bat 2 lichens a kobold zombie a newt 121 creatures vanquished. Voluntary challenges: You used a wielded weapon 79 times. You read items or engraved 4 times. You put on armor 2 times. You never genocided any monsters. You never polymorphed an object. You never changed form. You used no wishes. You never wrote Elbereth's name. You never encountered a bones level. You never used any Sokoban shortcuts. Dungeon overview: The Dungeons of Doom: levels 1 to 3 Level 1 a sink a long staircase Level 2 a general store, an altar to Kos, some fountains stairs to The Gnomish Mines Level 3 some fountains The Gnomish Mines: levels 3 to 6 Level 3 stairs to The Dungeons of Doom Level 6 <- You were here many shops, a temple to Kos, a magic chest, some fountains History has recorded: On T:1 you entered the Dungeons of Doom to retrieve the Amulet of Yendor! On T:267 you advanced to experience level 2. On T:310 you reached level 2 of The Dungeons of Doom. On T:692 you advanced to experience level 3. On T:868 you reached level 3 of The Dungeons of Doom. On T:963 you advanced to experience level 4. On T:1424 you advanced to experience level 5. On T:1445 you reached level 1 of The Gnomish Mines. On T:1633 you advanced to experience level 6. On T:2020 you reached level 2 of The Gnomish Mines. On T:2176 you advanced to experience level 7. On T:2265 you reached level 3 of The Gnomish Mines. On T:2641 you reached level 4 of The Gnomish Mines. On T:2851 you advanced to experience level 8. Latest messages: [HP+1=47] [HP+1=48] [HP+1=49] [HP+1=50] This door is locked. You succeed in picking the lock. The door opens. The kitten misses. You hit the kitten. You bite the kitten. The kitten bites! [HP-3=47] You hit the kitten. You bite the kitten. You kill the kitten! The soldier ant bites! The soldier ant stings! The soldier ant's sting was poisoned! [HP-21=26] The soldier ant bites! The soldier ant stings! The soldier ant's sting was poisoned! You die... Final status: Goodbye Bacon the Rogue... You died in The Gnomish Mines on dungeon level 6 with 3092 points, and 137 pieces of gold, after 3206 moves. You were level 8 with a maximum of 50 hit points when you died.